 Dungeon Crawl Stone Soup version 0.18-a0-1485-g189885c (webtiles) character file.

62808 Goblin1989 the Severer (level 14, 0/116 HPs)
             Began as a Demonspawn Gladiator on Mar 2, 2016.
             Was a Priest of Ashenzari.
             Slain by a red ugly thing (7 damage)
             ... on level 14 of the Dungeon on Mar 4, 2016.
             The game lasted 02:08:18 (27414 turns).

Goblin1989 the Severer (Demonspawn Gladiator)      Turns: 27414, Time: 02:08:18

Health: 0/116      AC: 15    Str: 19    XL:     14   Next: 65%
Magic:  0/14       EV: 16    Int: 11    God:    Ashenzari [***...]
Gold:   530        SH:  0    Dex: 16    Spells: 3 memorised, 6 levels left

rFire  + . .     SeeInvis +     J - +1 battleaxe (freeze)
rCold  . . .     Gourm    .     D - +4 ring mail {rF+} (curse)
rNeg   . . .     Faith    .     (shield currently unavailable)
rPois  +         Spirit   +     c - +0 helmet
rElec  .         Dismiss  .     (no cloak)
rCorr  .         Reflect  .     C - +0 pair of gloves (curse)
SustAt .         Harm     .     (boots unavailable)
MR     ++...                    E - amulet of guardian spirit
Stlth  +++.......               j - ring of poison resistance
                                a - ring of protection from magic (curse)

@: very resistant to hostile enchantments, fairly stealthy
A: hooves 3, thin metallic scales 1, clever 1, demonic guardian 2, nightstalker
3
a: Curse Item, Scrying, Renounce Religion


You were on level 14 of the Dungeon.
You worshipped Ashenzari.
Ashenzari was most pleased with you.
You were near starving.

You visited 4 branches of the dungeon, and saw 20 of its levels.

You collected 1533 gold pieces.
You spent 1003 gold pieces at shops.

Inventory:

Hand Weapons
 e - a +4 eveningstar of protection
 J - a +1 battleaxe of freezing (weapon)
Missiles
 d - 2 throwing nets (quivered)
Armour
 c - a +0 helmet (worn)
 C - a cursed +0 pair of gloves (worn)
 D - a cursed +4 ring mail of fire resistance (worn)
 N - a +2 shield of reflection
Jewellery
 a - a cursed ring of protection from magic (left hand)
 j - a ring of poison resistance (right hand)
 k - an uncursed ring of positive energy
 n - a +4 ring of protection
 t - an uncursed ring of wizardry
 u - the ring of Awe {rN++ MR- SInv}
   (You bought it in a shop on level 1 of the Orcish Mines)

   [ring of see invisible]

   It greatly protects you from negative energy.
   It affects your resistance to hostile enchantments.
   It lets you see invisible.
 E - an amulet of guardian spirit (around neck)
 M - the ring of Leaves {Dex+3 Slay+3}
   (You found it on level 10 of the Dungeon)

   [ring of dexterity]

   It affects your dexterity (+3).
   It affects your accuracy and damage with ranged weapons and melee attacks
   (+3).
Wands
 r - a wand of acid (6/15)
 s - a wand of digging (9/24)
 v - a wand of slowing (8/48)
 y - a wand of digging (12/24)
 G - a wand of digging (20/24)
 H - a wand of polymorph (11/24)
 L - a wand of flame (18/48)
 Q - a wand of flame (28/48)
 U - a wand of disintegration (7/24)
 V - a wand of confusion (28/48)
Scrolls
 b - a scroll of immolation
 o - 2 scrolls of teleportation
 q - 5 scrolls of recharging
 w - 5 scrolls of blinking
 x - 4 scrolls of amnesia
 A - 4 scrolls of noise
 B - a scroll of enchant weapon
 K - 2 scrolls of magic mapping
 O - a scroll of fear
 P - a scroll of summoning
 S - a scroll of fog
 T - a scroll of holy word {unknown}
Potions
 g - 2 potions of brilliance
 h - 4 potions of magic
 l - a potion of cancellation
 z - 4 potions of curing
 F - a potion of lignification
 I - 2 potions of flight
Miscellaneous
 m - a box of beasts {used: 3}
Comestibles
 f - 11 bread rations
 i - a beef jerky
 p - 17 fruits
 R - 9 royal jellies


   Skills:
 + Level 12.4 Fighting
 - Level 15.7(15.9) Axes
 - Level 5.0(11.6) Maces & Flails
 - Level 1.7 Throwing
 - Level 7.1 Armour
 * Level 8.2 Dodging
 - Level 5.1 Shields
 - Level 6.4 Hexes


You had 6 spell levels left.
You knew the following spells:

 Your Spells              Type           Power        Failure   Level  Hunger
a - Tukima's Dance        Hex            ##......     14%         3    ####...
b - Corona                Hex            ##.....      6%          1    ##.....
c - Confuse               Hex            ##......     14%         3    ####...


Dungeon Overview and Level Annotations

Branches:
Dungeon (14/15)            Temple (1/1) D:6            Lair (3/8) D:11
    Orc (2/2) D:11            Elf (0/3) Orc:2        Vaults (0/5) D:13
  Swamp: Lair:3-6    Shoals: Lair:3-6     Snake: Lair:3-6    Spider: Lair:3-6

Altars:
Ashenzari
Cheibriados
Dithmenos
Elyvilon
Fedhas
Gozag
Kikubaaqudgha
Makhleb
Nemelex Xobeh
Okawaru
Pakellas
Qazlal
Ru
Sif Muna
Trog
Vehumet
Xom
Yredelemnul
Zin
The Shining One
Beogh

Shops:
D:7 [   D:8 *   D:10 (   D:13 }=   Orc:1 *   Orc:2 [(}%[

Portals:
Trove: D:12 (give 8 scrolls of blinking)

Annotations:
D:9 exclusion: oklob plant
D:10 exclusion: downstairs
D:12 exclusion: downstairs


Innate Abilities, Weirdness & Mutations

You have hooves in place of feet.
You are partially covered in thin metallic scales (AC +2).
A demonic guardian rushes to your aid.
You are completely attuned to the shadows.
Your mind is acute. (Int +2)


Message History

You see here an arrow.
The centaur shoots an arrow.
The arrow closely misses you.
The centaur shoots an arrow.
The arrow barely misses you.
You hear a screech!
The centaur shoots an arrow.
The arrow barely misses you.
The centaur shoots an arrow.
The arrow hits you but does no damage.
The centaur shoots an arrow.
The arrow hits you.
* * * LOW HITPOINT WARNING * * *
Things that are here:
an arrow; an ugly thing corpse x2
Things that are here:
a killer bee corpse x2
The red ugly thing completely misses you.
The centaur shoots an arrow.
The arrow barely misses you.
The centaur shoots an arrow.
The arrow closely misses you.
You see here an arrow.
The red ugly thing bites you.
* * * LOW HITPOINT WARNING * * *
You are engulfed in flames!
You resist.
You die...

,
+...................
*,, ,
#.###.##########.#.†
,,,,#.# #.#, ,,
,,#.#.. ** *#.# #.#
** *,#.### , ,
#(###.# ,, ,#.# ,
#.#.. *,, , #.#.###
, ,, , #.#.# ***
#....... , ,, #.#.#
.,, ........ * ,*
*#.#@#.# * *#.......
#(#u#.# #....... *
,**##.(c..###
**###+###
>,,...........,,
,.... *####....## *
* *.### #..†.# *#+*
# #....# ....,#
#....########.....#
##.#..............#


You could see a red ugly thing and a centaur.

Vanquished Creatures
  Norris (D:13)
  Donald (D:13)
  Azrael (D:13)
  A yaktaur captain (D:13)
  A centaur warrior (D:12)
  3 skeletal warriors (D:14)
  5 hill giants
  An unseen horror (D:13)
  4 orc knights
  An orc sorcerer (Orc:1)
  A deep elf mage (D:13)
  3 ugly things (D:14)
  A griffon (D:14)
  Psyche (D:8)
  3 gargoyles
  A kobold demonologist (D:12)
  3 spiny frogs (Lair:1)
  A komodo dragon (Lair:2)
  A queen bee (Lair:2)
  2 two-headed ogres
  6 trolls
  5 slime creatures
  4 blink frogs (Lair:1)
  A vampire (D:14)
  3 wyverns
  8 yaks
  A shadow (D:11)
  A wraith (D:12)
  5 fire elementals (D:13)
  16 humans (D:13)
  A basilisk (Lair:2)
  5 hippogriffs
  3 hungry ghosts
  2 steam dragons
  A mottled dragon (D:14)
  14 wargs
  2 water moccasins
  2 porcupines
  3 hell hounds (D:13)
  47 orc warriors
  3 slaves (D:7)
  10 ice beasts
  5 sky beasts
  9 centaurs
  A necrophage (D:8)
  2 phantoms
  16 ogres
  4 crocodiles
  A big kobold (D:12)
  13 giant frogs
  A wyvern zombie (D:14)
  A gnoll sergeant (D:12)
  Dowan (D:7)
  A water moccasin skeleton (D:4)
  4 scorpions
  21 wights
  29 killer bees
  3 centaur zombies
  13 howler monkeys
  8 crimson imps
  5 giant frog zombies
  2 quasits (D:7)
  5 giant frog skeletons
  4 hounds
  A jelly (D:6)
  26 orc priests
  38 orc wizards
  2 centaur skeletons
  9 iguanas
  8 worker ants
  A hound skeleton (D:8)
  3 gnolls (D:12)
  11 adders
  14 river rats
  7 shadow imps
  A white imp (D:4)
  An ooze (D:2)
  An adder skeleton (D:6)
  3 worms
  3 dart slugs
  9 giant geckos
  130 orcs
  4 ball pythons
  11 bats
  6 giant cockroaches
  2 goblins (D:1)
  9 hobgoblins
  4 jackals
  16 kobolds
  6 quokkas
  3 giant newts
  A goblin skeleton (D:4)
  A goblin zombie (D:4)
  3 hobgoblin zombies (D:4)
  A kobold zombie (D:4)
  An orc skeleton (D:4)
  An orc zombie (D:4)
  A quokka skeleton (D:6)
  11 rats
  A spectral orc (D:3)
  2 fungi (D:11)
  A plant (D:11)
681 creatures vanquished.

Vanquished Creatures (collateral kills)
  3 orc warlords
  Erolcha (D:12)
  An ettin (Orc:1)
  A hydra (Lair:3)
  Urug (D:12)
  Pikel (D:8)
  3 orc knights
  4 hill giants
  4 orc sorcerers
  A manticore (D:12)
  A troll (Orc:2)
  4 slime creatures (D:13)
  7 yaks
  A hungry ghost (D:12)
  Duvessa (D:7)
  4 orc warriors
  A sky beast (D:6)
  An ogre (Orc:1)
  A crimson imp (D:14)
  3 orc wizards
  A worker ant (D:12)
  4 orcs
49 creatures vanquished.

Vanquished Creatures (others)
  A slave (D:8)
  A big kobold (D:8)
  A jelly (D:13)
  3 kobolds (D:8)
  19 fungi
  5 plants
30 creatures vanquished.

Grand Total: 760 creatures vanquished

Notes
Turn   | Place    | Note
--------------------------------------------------------------
     0 | D:1      | Goblin1989 the Demonspawn Gladiator began the quest for the Orb.
     0 | D:1      | Reached XP level 1. HP: 16/16 MP: 1/1
    37 | D:1      | Reached skill level 3 in Axes
   137 | D:1      | Gained mutation: A weak demonic guardian rushes to your aid. [demonic ancestry]
   137 | D:1      | Reached XP level 2. HP: 22/22 MP: 2/2
   534 | D:1      | Found a sparkling altar of Nemelex Xobeh.
   773 | D:1      | Gained mutation: You have large cloven feet. [demonic ancestry]
   773 | D:1      | Reached XP level 3. HP: 27/27 MP: 3/3
  1107 | D:2      | Found a bloodstained altar of Trog.
  1158 | D:2      | Reached skill level 4 in Axes
  1326 | D:2      | Reached XP level 4. HP: 31/33 MP: 4/4
  1334 | D:2      | Found a snail-covered altar of Cheibriados.
  1859 | D:3      | Found a white marble altar of Elyvilon.
  2096 | D:3      | Found a basalt altar of Yredelemnul.
  2150 | D:3      | Reached skill level 5 in Axes
  2624 | D:4      | Found a glowing golden altar of the Shining One.
  2888 | D:4      | Reached XP level 5. HP: 20/38 MP: 5/5
  3152 | D:4      | Found a sparkling altar of Nemelex Xobeh.
  3157 | D:4      | Found a sacrificial altar of Ru.
  3307 | D:4      | You fall through a shaft for 2 floors!
  3319 | D:6      | Reached skill level 6 in Axes
  3371 | D:6      | Noticed an ice beast
  3381 | D:6      | Killed an ice beast
  3381 | D:6      | Gained mutation: You are slightly more attuned to the shadows. [demonic ancestry]
  3381 | D:6      | Reached XP level 6. HP: 28/44 MP: 6/6
  3839 | D:6      | Noticed a sky beast
  3869 | D:5      | Entered Level 5 of the Dungeon
  4051 | D:5      | Found an oddly glowing altar of Pakellas.
  4209 | D:5      | Reached skill level 7 in Axes
  4613 | D:4      | Gained mutation: You are significantly more attuned to the shadows. [demonic ancestry]
  4613 | D:4      | Reached XP level 7. HP: 40/50 MP: 7/7
  5296 | D:5      | Reached skill level 8 in Axes
  6187 | D:6      | Found an oddly glowing altar of Pakellas.
  6237 | D:6      | Reached skill level 9 in Axes
  6237 | D:6      | Gained mutation: A demonic guardian rushes to your aid. [demonic ancestry]
  6237 | D:6      | Reached XP level 8. HP: 33/56 MP: 8/8
  7208 | D:7      | Found a blossoming altar of Fedhas.
  7462 | D:7      | Found a deep blue altar of Sif Muna.
  7502 | D:7      | Reached skill level 10 in Axes
  7969 | D:7      | Noticed Duvessa
  7974 | D:7      | Killed Duvessa
  7974 | D:7      | Reached skill level 11 in Axes
  7974 | D:7      | Reached XP level 9. HP: 51/61 MP: 9/9
  8359 | D:7      | Found Roatt's Antique Armour Boutique.
  8363 | D:7      | Bought a pair of gloves for 117 gold pieces
  8363 | D:7      | Bought a glowing ring mail for 104 gold pieces
  8592 | D:7      | Noticed Dowan
  8634 | D:7      | Killed Dowan
  9123 | D:7      | Reached skill level 5 in Fighting
  9219 | D:7      | Reached skill level 13 in Axes
  9219 | D:7      | Reached skill level 5 in Armour
  9219 | D:7      | Gained mutation: You have hoof-like feet. [demonic ancestry]
  9219 | D:7      | Reached XP level 10. HP: 74/74 MP: 10/10
  9220 | D:7      | Reached skill level 14 in Axes
  9220 | D:7      | Gained mutation: You are completely attuned to the shadows. [demonic ancestry]
  9220 | D:7      | Reached XP level 11. HP: 79/79 MP: 11/11
  9246 | D:6      | Found a staircase to the Ecumenical Temple.
  9252 | Temple   | Entered the Ecumenical Temple
  9414 | Temple   | Became a worshipper of Ashenzari the Shackled
  9752 | D:8      | Noticed Psyche
  9779 | D:8      | Noticed Pikel
  9953 | D:8      | Killed Pikel
 10295 | D:8      | Killed Psyche
 10606 | D:8      | Found Bigruh's Assorted Antiques.
 10618 | D:8      | Bought a scroll labeled ACLASM FETUXT for 25 gold pieces
 10618 | D:8      | Bought a scroll labeled NIGEEX AHOGRI for 25 gold pieces
 10834 | D:8      | Found a blossoming altar of Fedhas.
 11006 | D:8      | Found a deep blue altar of Sif Muna.
 11246 | D:8      | Found a burning altar of Makhleb.
 11318 | D:9      | Found an opulent altar of Gozag.
 11397 | D:9      | Identified the +4 ring mail of the Frog {Int+4 Dex-3 Slay+5} (You found it on level 9 of the Dungeon)
 11447 | D:9      | Found a blossoming altar of Fedhas.
 11448 | D:9      | Noticed an oklob plant
 11658 | D:9      | Learned a level 3 spell: Tukima's Dance
 12213 | D:9      | Gained mutation: Your mind is acute. (Int +2) [potion of beneficial mutation]
 12449 | D:10     | Entered Level 10 of the Dungeon
 12519 | D:10     | Noticed a hill giant
 12538 | D:10     | Noticed a hill giant
 12555 | D:10     | Killed a hill giant
 12555 | D:10     | Reached skill level 1 in Hexes
 12896 | D:10     | Gained mutation: You are partially covered in thin metallic scales (AC +2). [demonic ancestry]
 12896 | D:10     | Reached XP level 12. HP: 68/94 MP: 12/12
 12945 | D:10     | Found Tekkil's Weapon Shop.
 12953 | D:10     | Bought a +0 battleaxe for 71 gold pieces
 12980 | D:10     | Identified the ring of Leaves {Dex+3 Slay+3}
 13091 | D:10     | Reached * piety under Ashenzari
 13469 | D:10     | Learned a level 1 spell: Corona
 13473 | D:10     | Learned a level 3 spell: Confuse
 14713 | D:11     | Reached skill level 5 in Hexes
 14891 | D:11     | Found a staircase to the Lair.
 14980 | D:11     | Found a staircase to the Orcish Mines.
 15507 | D:12     | Noticed Urug
 15510 | D:12     | Found a portal to a secret trove of treasure.
 15513 | D:12     | Killed Urug
 15577 | D:12     | Noticed Erolcha
 15925 | D:12     | Killed Erolcha
 16220 | D:12     | Reached skill level 15 in Axes
 16519 | D:12     | Reached skill level 10 in Fighting
 16536 | D:12     | Noticed a centaur warrior
 16539 | D:12     | Killed a centaur warrior
 16685 | D:12     | Reached ** piety under Ashenzari
 17150 | D:13     | Found a gate to the Vaults.
 17150 | D:13     | Noticed Donald
 17150 | D:13     | Noticed Norris
 17150 | D:13     | Noticed a yaktaur captain
 17381 | D:13     | Noticed Azrael
 17398 | D:13     | Killed Azrael
 17398 | D:13     | Gained mutation: You have hooves in place of feet. [demonic ancestry]
 17398 | D:13     | Reached XP level 13. HP: 81/103 MP: 11/13
 17821 | D:13     | Killed Donald
 18030 | D:13     | Reached skill level 1 in Maces & Flails
 18125 | D:13     | Killed Norris
 18678 | D:13     | Found Camufugo's Gadget Boutique.
 18692 | D:13     | Bought a box of beasts for 280 gold pieces
 18692 | D:13     | Upgraded the game from 0.18-a0-1481-g708b138 to 0.18-a0-1485-g189885c
 18800 | D:13     | Found a shimmering altar of Xom.
 18912 | D:13     | Found Ihiefed's Jewellery Shop.
 19046 | Orc:1    | Entered Level 1 of the Orcish Mines
 19085 | Orc:1    | Noticed an ettin
 19092 | Orc:1    | Killed an ettin
 19319 | Lair:1   | Entered Level 1 of the Lair of Beasts
 21262 | Lair:2   | Reached *** piety under Ashenzari
 21395 | Lair:2   | Reached skill level 5 in Shields
 21397 | Lair:2   | Reached skill level 5 in Maces & Flails
 22269 | Orc:1    | Noticed an orc warlord
 22496 | Orc:1    | Found Qamenny's Assorted Antiques.
 22500 | Orc:1    | Bought a twitching granite ring for 120 gold pieces
 22500 | Orc:1    | Identified the ring of Awe {rN++ MR- SInv} (You bought it in a shop on level 1 of the Orcish Mines)
 22589 | Orc:1    | Reached XP level 14. HP: 62/113 MP: 2/14
 22608 | Orc:1    | Killed an orc warlord
 23108 | Orc:2    | Entered Level 2 of the Orcish Mines
 23169 | Orc:2    | Noticed an orc warlord
 23188 | Orc:2    | Killed an orc warlord
 23362 | Orc:2    | Found a roughly hewn altar of Beogh.
 23376 | Orc:2    | Found Xuopluro's Gadget Emporium.
 23431 | Orc:2    | Found Dalinwe's Food Boutique.
 23458 | Orc:2    | Reached skill level 5 in Dodging
 24101 | Orc:2    | Found a staircase to the Elven Halls.
 24127 | Orc:2    | Found a roughly hewn altar of Beogh.
 25104 | Orc:2    | Found a roughly hewn altar of Beogh.
 25207 | Orc:2    | Found Umugryip's Antique Armour Emporium.
 25212 | Orc:2    | Bought a warped ring mail for 261 gold pieces
 25212 | Orc:2    | Identified the +3 ring mail of Ifilly Jetzu {-Cast +Blink rN+ Dex+3} (You bought it in a shop on level 2 of the Orcish Mines)
 25534 | Orc:2    | Found a roughly hewn altar of Beogh.
 25809 | Orc:2    | Noticed an orc warlord
 25818 | Orc:2    | Killed an orc warlord
 26324 | Orc:2    | Found Miaff's Antique Armour Shop.
 26481 | Orc:2    | Found Upti's Antique Weapon Boutique.
 26482 | Orc:2    | Found a roughly hewn altar of Beogh.
 27394 | D:14     | HP: 4/116 [red ugly thing (6)]
 27402 | D:14     | HP: 5/116 [centaur/arrow (2)]
 27414 | D:14     | Slain by a red ugly thing

Vault maps used:
D:1:      onia_arrival_mini_maze_b, nemelex_diamond_rough_becter
D:2:      bloody_trog, cheibriados_altar_1
D:3:      yredelemnul_forgotten_temple_becter, nicolae_overflow_crystal_walls
D:4:      nicolae_ru_path_of_blood, nemelex_deck, first_bread,
          nicolae_tso_besieged_by_evil
D:5:      johnstein_pakellas_dig
D:6:      marbit_many_paths, minmay_temple_entry_statues_pillars,
          serial_bayou_lake_a
D:7:      fedhas_altar_3, serial_shops, nicolae_shop_stone, basic_altar,
          uniq_duvessa
D:8:      lemuel_coloured_pillars_altar, makhleb_blood_cavern_becter,
          serial_shops, nicolae_shop_overgrown_old_shop, hangedman_tree_tricks,
          uniq_pikel, uniq_psyche
D:9:      kennysheep_mini_moat, lemuel_oklob_altar
D:10:     serial_shops, shop_fountains
D:11:     cheibrodos_stairvault_heist, due_lair_maze_entry_diamond,
          minmay_orc_entry_guard_dogs
D:12:     nicolae_trove_entry_columns, uniq_erolcha, uniq_urug
D:13:     david_vaults_3, serial_shops, shop_fountains, shop, basic_altar,
          uniq_azrael
D:14:     minivault_26
Temple:   minmay_temple_bridge_a_8
Lair:2:   special_room, infiniplex_staircase_pool_2, grunt_megastairs_2,
          serial_bayou_shore_b
Lair:3:   spider_nest_entry_a
Orc:1:    serial_shops, shop
Orc:2:    grunt_orc_community_town_hall, grunt_orc_community_big_house_2,
          grunt_orc_community_big_house_2, grunt_orc_community_house_3,
          grunt_orc_community_house_3, grunt_orc_community_house_1,
          grunt_orc_community_house_2, serial_shops, shop_statue,
          nooodl_orcs_dogs

Skill      XL: |  1  2  3  4  5  6  7  8  9 10 11 12 13 14 |
---------------+-------------------------------------------+-----
Axes           | 3 4 5 6 7 9 11 13 14 15 | 15.7
Fighting       | 5 8 10 11 12 | 12.4
Armour         | 5 7 |  7.1
Hexes          | 1 6 |  6.4
Dodging        | 3 8 |  8.2
Maces & Flails | 5 |  5.0
Shields        | 5 |  5.1
Throwing       | |  1.7

Action                   |  1- 3 |  4- 6 |  7- 9 | 10-12 | 13-15 || total
-------------------------+-------+-------+-------+-------+-------++-------
Melee: War axe           |   132 |   141 |   379 |   564 |       ||  1216
       Battleaxe         |       |       |       |   123 |   576 ||   699
       Eveningstar       |       |       |       |       |   304 ||   304
Throw: Throwing net      |       |       |     3 |     1 |       ||     4
 Cast: Tukima's Dance    |       |       |       |     2 |     1 ||     3
       Confuse           |       |       |       |     2 |       ||     2
Invok: Curse Item        |       |       |       |     3 |     2 ||     5
Evoke: Wand              |       |     1 |     7 |     1 |     3 ||    12
       Box of beasts     |       |       |       |       |     3 ||     3
  Use: Potion            |       |     1 |     4 |     5 |     2 ||    12
       Scroll            |       |       |    14 |    12 |    10 ||    36
 Stab: Sleeping          |       |     2 |     3 |    22 |    19 ||    46
       Distracted        |       |     2 |     4 |    11 |     3 ||    20
       Held in net/web   |       |       |     2 |       |       ||     2
       Invisible         |       |       |       |     6 |       ||     6
  Eat: Chunk             |     1 |     1 |     3 |    23 |    20 ||    48
       Meat ration       |       |     2 |     1 |     1 |     2 ||     6
       Fruit             |       |     1 |       |       |       ||     1
       Pizza             |       |     1 |       |       |       ||     1
       Bread ration      |       |       |     3 |       |       ||     3
       Beef jerky        |       |       |     1 |     1 |     1 ||     3
